 Dungeon Crawl Stone Soup version 0.23.1 (webtiles) character file.

Game seed: 8861498614052604372

275 esteth the Magician (level 6, -1/44 HPs)
             Began as a Gnoll Wizard on Mar 16, 2019.
             Slain by an orc priest
             ... wielding a +2 flail of protection
              (4 damage)
             ... on level 3 of the Dungeon.
             The game lasted 00:06:30 (3484 turns).

esteth the Magician (Gnoll Wizard)                  Turns: 3484, Time: 00:06:31

Health: -1/44      AC:  3    Str:  9    XL:     6   Next: 25%
Magic:  2/16       EV: 15    Int: 22    God:
Gold:   113        SH:  0    Dex: 14    Spells: 14/19 levels left

rFire    . . .     SeeInvis .   g - +0 hand axe
rCold    . . .     Gourm    .   (no shield)
rNeg     . . .     Faith    .   a - +0 robe
rPois    .         Spirit   .   e - +0 helmet (curse)
rElec    .         Reflect  .   (no cloak)
rCorr    .         Harm     .   (no gloves)
MR       .....                  (no boots)
Stlth    +++.......             (no amulet)
HPRegen  0.14/turn              (no ring)
MPRegen  0.15/turn              (no ring)

@: no status effects
A: distributed training, fangs 1, strong nose
a: no special abilities


You were on level 3 of the Dungeon.
You were not hungry.

You visited 1 branch of the dungeon, and saw 3 of its levels.

You collected 113 gold pieces.

Inventory:

Hand Weapons
 g - a +0 hand axe (weapon)
Armour
 a - a +0 robe (worn)
 b - a +0 hat
 c - a +0 helmet
 e - a cursed +0 helmet (worn)
Jewellery
 f - an uncursed ring of ice {unknown}
Scrolls
 h - 4 scrolls of remove curse {unknown}
 o - 2 scrolls of blinking {unknown}
 p - 2 scrolls of enchant armour {unknown}
 r - a scroll of magic mapping
 s - 2 scrolls of identify {unknown}
 v - a scroll of fear {unknown}
 w - a scroll of immolation {unknown}
Potions
 j - a potion of lignification
 k - a potion of resistance
 l - 3 potions of brilliance
 q - a potion of degeneration {unknown}
 t - a potion of haste {unknown}
 u - a potion of cancellation {unknown}
Comestibles
 d - a ration


   Skills:
 + Level 1.8 Fighting
 + Level 1.8 Short Blades
 + Level 1.8 Long Blades
 + Level 1.8 Axes
 + Level 1.8 Maces & Flails
 + Level 1.8 Polearms
 + Level 1.8 Staves
 + Level 1.8 Slings
 + Level 1.8 Bows
 + Level 1.8 Crossbows
 + Level 1.8 Throwing
 + Level 1.8 Armour
 + Level 4.9 Dodging
 + Level 4.5 Stealth
 + Level 1.8 Shields
 + Level 1.8 Unarmed Combat
 + Level 7.4 Spellcasting
 + Level 2.5 Conjurations
 + Level 1.4 Hexes
 + Level 1.4 Charms
 + Level 2.5 Summonings
 + Level 1.4 Necromancy
 + Level 2.5 Translocations
 + Level 1.4 Transmutations
 + Level 1.4 Fire Magic
 + Level 1.4 Ice Magic
 + Level 1.4 Air Magic
 + Level 1.4 Earth Magic
 + Level 1.4 Poison Magic
 + Level 2.0 Invocations
 + Level 1.8 Evocations


You had 14 spell levels left.
You knew the following spells:

 Your Spells              Type           Power        Failure   Level  Hunger
a - Magic Dart            Conj           ###.         2%          1    None
b - Call Imp              Summ           ###.....     4%          2    None
c - Blink                 Tloc           N/A          4%          2    None

Your spell library contained the following spells:

 Spells                   Type           Power        Failure   Level  Hunger
 Slow                     Hex            ##......     7%          2    None
 Conjure Flame            Conj/Fire      ###.....     11%         3    None
 Mephitic Cloud           Conj/Pois/Air  ###.....     11%         3    None


Dungeon Overview and Level Annotations

Branches:
Dungeon (3/15)

Altars:
Yredelemnul


Innate Abilities, Weirdness & Mutations

Your experience applies equally to all skills.
You have very sharp teeth.
Your uncanny sense of smell can sniff out nearby items.


Message History

Your shadow imp dies!
Casting: Call Imp (safe; 4% risk of failure)
Confirm with . or Enter, or press ? or * to list all spells.
Aiming: Magic Dart (safe; 2% risk of failure)
Press: ? - help, Shift-Dir - straight line, f/p - orc priest
Aim: an orc priest, wielding a +2 flail of protection (moderately wounded)
The magic dart hits the orc priest.
The orc priest is severely wounded.
You see here a bat corpse.
You see here a kobold skeleton.
You see here a bat skeleton.
You see here a kobold skeleton.
The orc priest invokes the aid of Beogh against you.
Beogh smites you!
* * * LOW HITPOINT WARNING * * *
You barely miss the orc priest. Your bite misses the orc priest.
The orc priest is severely wounded.
Your crimson imp disappears in a puff of smoke!
The orc priest hits you with a +2 flail of protection.
You die...

#...### #.# +...+.# #.#
#####...#.##########.##
......(..............>##
.###.####.##########..##
#.##########..##
###..$..........##
##.÷÷......#####.##
∆#.@#######..# #.##
#o###o⌠$###.# #(..
#†##.....# .# ####
#[#.......#.#
#[#.8...8.#.#
#§#.......#.# #.#.......
.# #.#....... #.#o8o..8.


You could see an orc priest.

Vanquished Creatures
  A scorpion (D:2)
  An orc wizard (D:3)
  2 orc priests
  5 adders
  2 oozes
  2 dart slugs
  2 leopard geckos (D:2)
  5 orcs
  9 bats
  6 giant cockroaches
  3 goblins
  4 hobgoblins
  6 jackals (D:2)
  11 kobolds
  4 quokkas
  8 rats
71 creatures vanquished.

Vanquished Creatures (collateral kills)
  5 orcs (D:3)
5 creatures vanquished.

Grand Total: 76 creatures vanquished

Notes
Turn   | Place    | Note
-------+----------+-------------------------------------------
     0 | D:1      | esteth the Gnoll Wizard began the quest for the Orb.
     0 | D:1      | Reached XP level 1. HP: 13/13 MP: 8/8
   136 | D:1      | Reached XP level 2. HP: 19/19 MP: 8/10
   525 | D:1      | Reached XP level 3. HP: 25/25 MP: 7/11
   546 | D:1      | Learned a level 2 spell: Call Imp
   549 | D:1      | Learned a level 2 spell: Blink
   753 | D:1      | You fall through a shaft!
  1146 | D:2      | Reached skill level 1 in Invocations
  1535 | D:2      | Reached skill level 1 in Fighting
  1535 | D:2      | Reached skill level 1 in Short Blades
  1535 | D:2      | Reached skill level 1 in Long Blades
  1535 | D:2      | Reached skill level 1 in Axes
  1535 | D:2      | Reached skill level 1 in Maces & Flails
  1535 | D:2      | Reached skill level 1 in Polearms
  1535 | D:2      | Reached skill level 1 in Staves
  1535 | D:2      | Reached skill level 1 in Slings
  1535 | D:2      | Reached skill level 1 in Bows
  1535 | D:2      | Reached skill level 1 in Crossbows
  1535 | D:2      | Reached skill level 1 in Throwing
  1535 | D:2      | Reached skill level 1 in Armour
  1535 | D:2      | Reached skill level 1 in Shields
  1535 | D:2      | Reached skill level 1 in Unarmed Combat
  1535 | D:2      | Reached skill level 1 in Evocations
  1618 | D:2      | Reached XP level 4. HP: 32/32 MP: 9/13
  1935 | D:2      | Reached skill level 1 in Hexes
  1935 | D:2      | Reached skill level 1 in Charms
  1935 | D:2      | Reached skill level 1 in Necromancy
  1935 | D:2      | Reached skill level 1 in Transmutations
  1935 | D:2      | Reached skill level 1 in Fire Magic
  1935 | D:2      | Reached skill level 1 in Ice Magic
  1935 | D:2      | Reached skill level 1 in Air Magic
  1935 | D:2      | Reached skill level 1 in Earth Magic
  1935 | D:2      | Reached skill level 1 in Poison Magic
  1994 | D:2      | Found a basalt altar of Yredelemnul.
  2183 | D:2      | Reached XP level 5. HP: 18/37 MP: 0/14
  2451 | D:3      | HP: 1/37 [orc priest/divine providence (9)]
  3223 | D:3      | Reached XP level 6. HP: 31/44 MP: 10/16
  3483 | D:3      | HP: 2/44 [orc priest/divine providence (13)]
  3484 | D:3      | Slain by an orc priest

Skill      XL: |  1  2  3  4  5  6 |
---------------+-------------------+-----
Conjurations   | 2 |  2.5
Summonings     | 2 |  2.5
Translocations | 2 |  2.5
Invocations    | 1 2 |  2.0
Fighting       | 1 |  1.8
Short Blades   | 1 |  1.8
Long Blades    | 1 |  1.8
Axes           | 1 |  1.8
Maces & Flails | 1 |  1.8
Polearms       | 1 |  1.8
Staves         | 1 |  1.8
Slings         | 1 |  1.8
Bows           | 1 |  1.8
Crossbows      | 1 |  1.8
Throwing       | 1 |  1.8
Armour         | 1 |  1.8
Shields        | 1 |  1.8
Unarmed Combat | 1 |  1.8
Evocations     | 1 |  1.8
Hexes          | 1 |  1.4
Charms         | 1 |  1.4
Necromancy     | 1 |  1.4
Transmutations | 1 |  1.4
Fire Magic     | 1 |  1.4
Ice Magic      | 1 |  1.4
Air Magic      | 1 |  1.4
Earth Magic    | 1 |  1.4
Poison Magic   | 1 |  1.4
Dodging        | |  4.9
Stealth        | |  4.5
Spellcasting   | |  7.4

Action                   |  1- 3 |  4- 6 || total
-------------------------+-------+-------++-------
Melee: Unarmed           |    12 |     6 ||    18
       Bite              |     1 |       ||     1
       Hand axe          |       |     9 ||     9
 Cast: Magic Dart        |    78 |   101 ||   179
       Call Imp          |       |     8 ||     8
       Blink             |       |     1 ||     1
  Use: Scroll            |     2 |       ||     2
       Potion            |       |     5 ||     5
  Eat: Chunk             |     2 |     2 ||     4
       Ration            |       |     1 ||     1
Armor: Robe              |     4 |     8 ||    12
       Skin              |       |     6 ||     6
Dodge: Dodged            |    27 |    39 ||    66
